 Dungeon Crawl Stone Soup version 0.24-a0-203-gf0bc1e9 (console) character file.

Game seed: 14364891785966017297

4 bli the Stinger (level 1, 0/13 HPs)
             Began as a Demonspawn Wanderer on Mar 26, 2019.
             Slain by a gnoll
             ... wielding a +0 whip
              (2 damage)
             ... on level 1 of the Dungeon.
             The game lasted 00:04:09 (627 turns).

bli the Stinger (Demonspawn Wanderer)                Turns: 627, Time: 00:04:09

Health: 0/13       AC:  2    Str: 11    XL:     1   Next: 50%
Magic:  1/2        EV: 11    Int: 16    God:
Gold:   24         SH:  0    Dex: 10    Spells: 1/2 levels left

rFire    . . .     SeeInvis .   a - +0 club
rCold    . . .     Gourm    .   (no shield)
rNeg     . . .     Faith    .   d - +0 robe
rPois    .         Spirit   .   (no helmet)
rElec    .         Reflect  .   (no cloak)
rCorr    .         Harm     .   (no gloves)
MR       .....                  (no boots)
Stlth    +.........             (no amulet)
HPRegen  0.04/turn              (no ring)
MPRegen  0.08/turn              (no ring)

@: very slightly contaminated
A: no striking features
a: no special abilities


You were on level 1 of the Dungeon.
You were not hungry.

You visited 1 branch of the dungeon, and saw 1 of its levels.

You collected 24 gold pieces.

Inventory:

Hand Weapons
 a - a +0 club (weapon)
Armour
 d - a +0 robe (worn)
Scrolls
 b - a scroll of immolation {unknown}
Comestibles
 f - a ration


   Skills:
 + Level 0.2 Fighting
 - Level 1.0 Stealth
 * Level 1.3 Spellcasting
 * Level 0.1 Conjurations
   Level 3.0 Hexes
 - Level 1.0 Air Magic
   Level 3.0 Poison Magic
   Level 1.0 Evocations


You had one spell level left.
You knew the following spells:

 Your Spells              Type           Power        Failure   Level  Hunger
a - Shock                 Conj/Air       #...         19%         1    ##.....

Your spell library contained the following spells:

 Spells                   Type           Power        Failure   Level  Hunger
 Ensorcelled Hibernation  Hex/Ice        #.....       19%         2    ###....
 Swiftness                Chrm/Air       #.......     26%         2    ###....
 Throw Flame              Conj/Fire      #.....       32%         2    ###....
 Throw Frost              Conj/Ice       #.....       32%         2    ###....
 Static Discharge         Conj/Air       #.......     47%         3    ####...
 Airstrike                Air            #.........   82%         4    #####..
 Lightning Bolt           Conj/Air       #.........   99%         5    ######.


Dungeon Overview and Level Annotations

Branches:
Dungeon (1/15)

Altars:


Message History

Casting: Shock (safe; 19% risk of failure)
Confirm with . or Enter, or press ? or * to list all spells.
Aiming: Shock (safe; 19% risk of failure)
Press: ? - help, Shift-Dir - straight line, p - bat You miscast Shock.
You are very lightly contaminated with residual magic.
Nothing appears to happen.
The bat hits you but does no damage.
Casting: Shock (safe; 19% risk of failure)
Confirm with . or Enter, or press ? or * to list all spells.
You don't have enough magic to cast that spell.
You hit the gnoll.
The gnoll is lightly wounded.
The gnoll hits you with a +0 whip!
Ouch! That really hurt!
You closely miss the gnoll.
The gnoll is lightly wounded.
The gnoll hits you with a +0 whip.
* * * LOW HITPOINT WARNING * * *
The gnoll hits you with a +0 whip.
You die...

#.....§≈§§.≈§≈≈≈≈≈.§§≈.
#......≈......§.§.§..§.
.......#..≈.≈≈≈≈≈.≈≈≈≈≈.≈.
...###.##.≈.§...≈.≈<..§.≈.
... ...##.≈≈≈.≈≈≈.≈≈≈§≈≈≈.
....###.##.....§§....≈..§..
...........§§§§≈≈≈.≈≈≈.≈≈≈.
..####.##.§§§...≈.≈...≈.≈.
#.#.§§.§≈≈≈≈.§≈≈≈≈.≈.
#.###.#..§§..............
#......g@..#.##.###.####.
#.#....b...#....# #.# ##
#.########.#### #.# #. #.#
#.# #. #)# #.# # #.# #.#
#.# #.# #.# #.# #.. ####


You could see a gnoll and a bat.

Vanquished Creatures
  A giant cockroach (D:1)
  A goblin (D:1)
  A bat (D:1)
  A kobold (D:1)
4 creatures vanquished.

Notes
Turn   | Place    | Note
-------+----------+-------------------------------------------
     0 | D:1      | bli the Demonspawn Wanderer began the quest for the Orb.
     0 | D:1      | bli set off with the following items: a +0 club, a +0 robe,
                  | a ration; and the following spell memorised: Shock; and the
                  | following spells available to memorise: Ensorcelled
                  | Hibernation, Swiftness, Throw Flame, Throw Frost, Static
                  | Discharge, Airstrike, Lightning Bolt
     0 | D:1      | Reached XP level 1. HP: 13/13 MP: 2/2
   627 | D:1      | Slain by a gnoll

Levels and vault maps discovered:
D:1:      evilmike_arrival_hilbert_curve, layout_loops_ring, tso_metal_star

Action                   || total
-------------------------++-------
Melee: Club              ||    32
 Cast: Shock             ||     9
Armor: Robe              ||    18
Dodge: Dodged            ||    29

Table legend:
 A = Non-vault XP
 B = Vault XP
 C = Vault XP percentage of total XP
 D = Non-vault monster count
 E = Vault monster count
 F = Vault count percentage of total count
                 A         B        C        D         E       F
            +---------+---------+-------+---------+---------+-------
      Total |       6 |       0 |   0.0 |       4 |       0 |   0.0
            +---------+---------+-------+---------+---------+-------
        D:1 |       6 |       0 |   0.0 |       4 |       0 |   0.0
            +---------+---------+-------+---------+---------+-------
